 Dungeon Crawl Stone Soup version 0.30-a0-939-gc8157cb160 (webtiles) character file.

Game seed: 10721448202290942036

1 Iniera the Twirler (level 1, 16/16 HPs)
             Began as a Demonspawn Gladiator on Mar 26, 2023.
             Was a Follower of Vehumet.
             Quit the game on level 1 of the Dungeon.
             The game lasted 00:00:22 (60 turns).

Iniera the Twirler (Demonspawn Gladiator)             Turns: 60, Time: 00:00:22

Health: 16/16      AC:  4    Str: 14    XL:     1   Next: 16%
Magic:  1/1        EV: 12    Int:  9    God:    Vehumet [*.....]
Gold:   6          SH:  0    Dex: 14    Spells: 0/0 levels left

rFire   . . .      SeeInvis .    a - +0 quarterstaff
rCold   . . .      Faith    .    (shield currently unavailable)
rNeg    . . .      Spirit   .    b - +0 leather armour
rPois   .          Reflect  .    c - +0 helmet
rElec   .          Rampage  .    (no cloak)
rCorr   .                        (no gloves)
Will    .....                    (no boots)
Stlth   +                        (no amulet)
HPRegen 0.22/turn                (no ring)
MPRegen 0.07/turn                (no ring)

@: no status effects
A: no striking features
a: Renounce Religion


You were on level 1 of the Dungeon.
You worshipped Vehumet.
Vehumet was aware of your devotion.
You visited 1 branch of the dungeon, and saw 1 of its levels.

You collected 6 gold pieces.

Inventory:

Hand Weapons
 a - a +0 quarterstaff (weapon)
Missiles
 d - 3 throwing nets (quivered)
 e - a javelin
Armour
 b - a +0 leather armour (worn)
 c - a +0 helmet (worn)
Jewellery
 f - a +4 ring of protection


   Skills:
 - Level 2.0 Fighting
 * Level 2.8 Staves
 - Level 1.7 Throwing
 - Level 2.6 Dodging


You couldn't memorise any spells.
You didn't know any spells.
Your spell library was empty.

Dungeon Overview and Level Annotations

Branches:
Dungeon (1/15)

Altars:
Vehumet


Message History

Why would you want to do that?
You see here 6 gold pieces.
You now have 6 gold pieces.
Why would you want to do that?
You barely miss the frilled lizard. The frilled lizard barely misses you.
You sock the frilled lizard!
You kill the frilled lizard!
Why would you want to do that? Why would you want to do that?
Why would you want to do that? Why would you want to do that?
f - a +4 ring of protection A bat comes into view.
Found a faded altar of an unknown god.
Found a stone staircase leading down.
The bat misses you. The bat hits you but does no damage.
You barely miss the bat. The bat barely misses you. The bat closely misses you.
You miss the bat. The bat hits you but does no damage. x2
The bat barely misses you.
You sock the bat!
You kill the bat!
No target in view!
No target in view!
No target in view!
No target in view!
No target in view!
No target in view!
No target in view!
No target in view!
No target in view!
No target in view!
No target in view!
There is a faded altar of an unknown god here.
There is a faded altar of an unknown god here.
This altar belongs to (a) Vehumet, (b) Uskayaw or (c) Yredelemnul, but you can't tell which.
Press the corresponding letter to learn more about a god, or press enter to convert or escape to cancel.
Vehumet accepts your prayer! Vehumet welcomes you!
You can now gain magical power from killing.
Vehumet offers you knowledge of Shock.
Are you sure you want to abandon this character and quit the game? (Confirm with "yes".)

####################
#.......[..........#
#.8...#...########.#
#..@.......#######.#
#..8................#
#.......>...######..#
#...####...## #...
##.## ##.## ##.# #.
...# #.# #. ..... ..#
#. ..## ...# .....


There were no monsters in sight!

Vanquished Creatures
  A bat (D:1)
  A frilled lizard (D:1)
2 creatures vanquished.

Notes
Turn   | Place    | Note
-------+----------+-------------------------------------------
     0 | D:1      | Iniera the Demonspawn Gladiator began the quest for the
                  | Orb.
     0 | D:1      | Reached XP level 1. HP: 16/16 MP: 1/1
    45 | D:1      | Found a faded altar of an unknown god.
    59 | D:1      | Prayed at the altar of an unknown god.
    59 | D:1      | Became a worshipper of Vehumet
    59 | D:1      | Reached * piety under Vehumet
    59 | D:1      | Offered knowledge of Shock by Vehumet.
    60 | D:1      | Quit the game

Illustrated notes

Levels and vault maps discovered:
D:1:      nzn_arrival_water_spiral, layout_loops_ring,
          dreamdust_ecumenical_altar_statues

Action                     || total
---------------------------++-------
  Melee: Quarterstaff      ||     5
 Armour: Leather armour    ||     3
  Dodge: Dodged            ||     5

Table legend: (Time is in decaauts)
 A = Elapsed time spent in this place.
 B = Non-inter-level travel time spent in this place.
 C = Inter-level travel time spent in this place.
 D = Time resting spent in this place.
 E = Time spent auto-exploring this place.
 F = Levels seen in this place.
 G = Mean time per level.
                   A        B        C        D        E       F      G
               +--------+--------+--------+--------+--------+-----+--------+
         Total |     60 |     60 |      0 |      0 |     36 |   1 |   60.0 |
       Dungeon |     60 |     60 |      0 |      0 |     36 |   1 |   60.0 |
               +--------+--------+--------+--------+--------+-----+--------+

Top non-repeatable levels by time:
     D:1: 60 daAuts
